 Dungeon Crawl Stone Soup version 0.20.1-1-g8b1a95d66d (webtiles) character file.

1807 Jynx the Changer (level 8, -2/99 HPs)
             Began as a Red Draconian Transmuter on Dec 27, 2017.
             Was a Believer of Okawaru.
             Slain by a killer bee (9 damage)
             ... on level 8 of the Dungeon.
             The game lasted 00:15:41 (7226 turns).

Jynx the Changer (Red Draconian Transmuter)         Turns: 7226, Time: 00:15:42

Health: -2/99      AC:  7    Str: 18    XL:     8   Next: 84%
Magic:  15/15      EV: 13    Int: 13    God:    Okawaru [**....]
Gold:   434        SH:  0    Dex: 14    Spells: 5/16 levels left

rFire    + . .     SeeInvis .     - Unarmed
rCold    . . .     Gourm    .   (no shield)
rNeg     . . .     Faith    .   (armour unavailable)
rPois    .         Spirit   .   (helmet restricted)
rElec    .         Reflect  .   n - scarf {cloud immunity}
rCorr    +         Harm     .   (no gloves)
MR       .....                  s - +0 pair of boots
Stlth    ..........             h - amulet of magic regeneration
Regen    0.3/turn               w - ring of resist corrosion
MPRegen  0.3/turn               (no ring)

@: mighty, berserking (expiring), lethally poisoned (-2 -> -9), appendage
(expiring), very quick
A: breathe fire, unfitting armour, horns 2, fire resistance 1, cold-blooded, AC
+6
a: Breathe Fire, End Transformation, Heroism, Renounce Religion


You were on level 8 of the Dungeon.
You worshipped Okawaru.
Okawaru was pleased with you.
You were hungry.
You had grown temporary horns.
You visited 1 branch of the dungeon, and saw 8 of its levels.

You collected 434 gold pieces.

Inventory:

Missiles
 a - 55 arrows
Armour
 n - a scarf of cloud immunity (worn)
 s - a +0 pair of boots (worn)
Jewellery
 h - an amulet of magic regeneration (around neck)
 t - an uncursed ring of fire
 v - an uncursed amulet of rage {unknown}
 w - a ring of resist corrosion (left hand)
 D - a +3 ring of protection {unknown}
 F - an uncursed ring of protection from magic {unknown}
 K - an uncursed amulet of the gourmand {unknown}
Wands
 y - a wand of polymorph (16/24)
 B - a wand of acid (7/15)
 C - a wand of lightning (8/15)
 L - a wand of paralysis (16/24)
Scrolls
 e - a scroll of enchant weapon
 f - 3 scrolls of recharging
 g - a scroll of magic mapping {unknown}
 i - a scroll of enchant armour {unknown}
 o - a scroll of random uselessness {unknown}
 q - 2 scrolls of immolation
 z - a scroll of amnesia
 A - a scroll of summoning {unknown}
 G - a scroll of teleportation
Potions
 d - a potion of berserk rage
 k - a potion of might
 l - a potion of haste {unknown}
 p - 3 potions of heal wounds {unknown}
 r - 2 potions of mutation {unknown}
 u - 2 potions of brilliance {unknown}
 E - a potion of resistance {unknown}
 H - a potion of cancellation {unknown}
 I - 2 potions of ambrosia {unknown}
 J - a potion of magic {unknown}
Books
 b - a book of Changes

   Spells                             Type                      Level
   a - Beastly Appendage              Transmutation                1
   b - Sticks to Snakes               Transmutation                2
   c - Spider Form                    Transmutation/Poison         3
   d - Ice Form                       Ice/Transmutation            4
   e - Blade Hands                    Transmutation                5
Comestibles
 c - 3 bread rations
 j - 2 meat rations
 m - 4 royal jellies
 x - 2 fruits


   Skills:
 + Level 4.0 Fighting
 + Level 2.6 Dodging
 - Level 1.3 Stealth
 * Level 5.2 Unarmed Combat
 - Level 4.8 Spellcasting
 + Level 7.3 Transmutations
 - Level 4.0 Poison Magic


You had 5 spell levels left.
You knew the following spells:

 Your Spells              Type           Power        Failure   Level  Hunger
a - Beastly Appendage     Tmut           ###...       1%          1    None
b - Sticks to Snakes      Tmut           ###.....     1%          2    ##.....
c - Spider Form           Tmut/Pois      ###.......   5%          3    ###....
d - Blade Hands           Tmut           ###.......   26%         5    ######.


Dungeon Overview and Level Annotations

Branches:
Dungeon (8/15)             Temple (0/1) D:4
   Lair: D:8-11

Altars:
Fedhas
Hepliaklqana
Kikubaaqudgha
Okawaru
Vehumet
Xom
Yredelemnul

Shops:
D:5 }   D:6 }   D:7 [

Annotations:
D:2 1 runed door
D:3 1 runed door


Innate Abilities, Weirdness & Mutations

You can breathe blasts of fire.
Your fiery red scales are hard. (AC +6)
You cannot fit into any form of body armour.
Your flesh is heat resistant. (rF+)
You are cold-blooded and may be slowed by cold attacks.
You have a pair of horns on your head.


Message History

You punch the killer bee!
You kill the killer bee!
Okawaru accepts your kill.
Your base Fighting skill increases to level 4!
You feel like a meek peon again.
You feel sick.
You miss the killer bee. Your headbutt misses the killer bee.
You feel sick.
The killer bee stings you but does no damage.
You closely miss the killer bee. Your headbutt misses the killer bee.
You feel sick. The killer bee stings you!
* * * LOW HITPOINT WARNING * * *
You miss the killer bee. The killer bee closely misses you.
You miss the killer bee. You tail-slap the killer bee!
The killer bee is heavily wounded.
* * * LOW HITPOINT WARNING * * *
You feel sick. The killer bee misses you.
You closely miss the killer bee.
Your tail-slap misses the killer bee.
The killer bee is heavily wounded.
The killer bee stings you!
You die...

#####...
###.......
.........
.y.......
.yyy....#
#...)# #.
#.# #. #y#
#.. #@#
#.. #.###
#.###
#...#
#..##
#...# #..#
#...#
##.<#
##..##
##..##
##..#
#..## #..#
#..## #..#


You could see a killer bee.

Vanquished Creatures
  A water moccasin (D:7)
  An ice beast (D:6)
  An orc warrior (D:7)
  A sky beast (D:8)
  A phantom (D:7)
  2 ogres
  A centaur (D:8)
  2 bullfrogs
  A scorpion (D:4)
  4 killer bees (D:8)
  An electric eel (D:7)
  A howler monkey (D:8)
  A crimson imp (D:7)
  3 hounds
  A jelly (D:5)
  2 orc priests
  2 orc wizards
  Jessica (D:2)
  2 iguanas
  2 worker ants (D:5)
  8 adders
  An adder skeleton (D:8)
  A worm (D:3)
  2 dart slugs
  4 leopard geckos
  14 orcs
  A ball python (D:1)
  5 giant cockroaches
  6 goblins
  5 hobgoblins
  2 jackals (D:5)
  5 kobolds
  A quokka (D:4)
  8 bats
  7 frilled lizards
  A goblin zombie (D:3)
  A jackal zombie (D:3)
  A leopard gecko skeleton (D:4)
  4 rats
108 creatures vanquished.

Vanquished Creatures (collateral kills)
  A centaur (D:6)
  A bullfrog (D:6)
  A crimson imp (D:6)
  An orc (D:5)
  2 jackals (D:5)
6 creatures vanquished.

Grand Total: 114 creatures vanquished

Notes
Turn   | Place    | Note
-------+----------+-------------------------------------------
     0 | D:1      | Jynx the Draconian Transmuter began the quest for the Orb.
     0 | D:1      | Reached XP level 1. HP: 16/16 MP: 3/3
    82 | D:1      | Found an iron altar of Okawaru.
    94 | D:1      | Became a worshipper of Warmaster Okawaru
   329 | D:1      | Reached XP level 2. HP: 22/23 MP: 1/5
   853 | D:2      | Learned a level 2 spell: Sticks to Snakes
  1083 | D:2      | Found a runed door.
  1157 | D:2      | Reached XP level 3. HP: 27/28 MP: 3/6
  1162 | D:2      | Learned a level 3 spell: Spider Form
  1283 | D:2      | Reached skill level 1 in Stealth
  1391 | D:2      | Noticed Jessica
  1408 | D:2      | Killed Jessica
  1408 | D:2      | Reached skill level 3 in Transmutations
  1582 | D:3      | Reached XP level 4. HP: 34/35 MP: 8/8
  1950 | D:3      | Reached skill level 1 in Poison Magic
  2164 | D:3      | Reached * piety under Okawaru
  2408 | D:3      | Found a runed door.
  2408 | D:3      | Noticed a human
  2422 | D:3      | Found a basalt altar of Yredelemnul.
  2634 | D:4      | Found a staircase to the Ecumenical Temple.
  2650 | D:4      | Reached skill level 4 in Transmutations
  2650 | D:4      | Reached XP level 5. HP: 15/40 MP: 6/9
  3047 | D:4      | Found a hazy altar of Hepliaklqana.
  3406 | D:4      | Reached XP level 6. HP: 38/47 MP: 11/11
  3967 | D:5      | Entered Level 5 of the Dungeon
  3983 | D:5      | Reached skill level 5 in Transmutations
  4007 | D:5      | Found Goxobic's Gadget Boutique.
  4331 | D:5      | Found a shimmering altar of Xom.
  4358 | D:5      | You fall through a shaft!
  4373 | D:5      | Found a blossoming altar of Fedhas.
  4676 | D:6      | Found Zierph's Gadget Shop.
  4688 | D:6      | Your scales start taking on a fiery red colour.
  4688 | D:6      | Reached XP level 7. HP: 44/52 MP: 9/13
  4688 | D:6      | Gained mutation: Your flesh is heat resistant. (rF+) [Red Draconian growth]
  4763 | D:6      | Found a shimmering altar of Xom.
  4869 | D:6      | HP: 2/52 [ice beast (10)]
  4875 | D:6      | Reached ** piety under Okawaru
  4875 | D:6      | Reached skill level 6 in Transmutations
  5453 | D:6      | Learned a level 5 spell: Blade Hands
  5947 | D:7      | Reached XP level 8. HP: 54/62 MP: 14/14
  6533 | D:7      | Found Wyshes's Antique Armour Emporium.
  6701 | D:7      | Found a radiant altar of Vehumet.
  6837 | D:8      | Reached skill level 7 in Transmutations
  6963 | D:8      | Found an ancient bone altar of Kikubaaqudgha.
  7216 | D:8      | Reached skill level 5 in Unarmed Combat
  7226 | D:8      | Slain by a killer bee

Skill      XL: |  1  2  3  4  5  6  7  8 |
---------------+-------------------------+-----
Stealth        | 1 |  1.3
Transmutations | 3 4 5 6 7 |  7.3
Poison Magic   | 1 2 3 4 |  4.0
Spellcasting   | 3 4 |  4.8
Fighting       | 2 4 |  4.0
Unarmed Combat | 5 |  5.2
Dodging        | 2 |  2.6

Action                   |  1- 3 |  4- 6 |  7- 9 || total
-------------------------+-------+-------+-------++-------
Melee: Unarmed           |   115 |   235 |   257 ||   607
       Tailslap          |     7 |    26 |    31 ||    64
       Headbutt          |     3 |    18 |    38 ||    59
       Kick              |     3 |       |       ||     3
       Punch             |     2 |     1 |     7 ||    10
 Cast: Beastly Appendage |    23 |    18 |    21 ||    62
       Sticks to Snakes  |       |     3 |     7 ||    10
Invok: Heroism           |       |     5 |     7 ||    12
  Use: Scroll            |     7 |     1 |     1 ||     9
       Potion            |       |     4 |     5 ||     9
 Stab: Sleeping          |     2 |     1 |       ||     3
       Distracted        |       |       |     1 ||     1
  Eat: Chunk             |     3 |     9 |     9 ||    21
Armor: Skin              |    51 |    80 |    74 ||   205
Dodge: Dodged            |    77 |   178 |   136 ||   391
